 Dungeon Crawl Stone Soup version 0.25-a0-558-g78a2afb0af (webtiles) character file.

Game seed: 9422510946833725158, levelgen mode: deterministic

185718 DerDa the Devastator (level 17, 0/119 (122) HPs)
             Began as a Demonspawn Fire Elementalist on Feb 25, 2020.
             Was an Elder of Sif Muna.
             Killed by the power of Zot (40 damage)
             ... on level 3 of the Swamp.
             The game lasted 02:36:33 (33087 turns).

DerDa the Devastator (DsFE)                        Turns: 33087, Time: 02:36:34

HP:   0/119 (122)   AC: 13    Str:  7    XL:     17   Next: 41%
MP:   27/35         EV: 16    Int: 29    God:    Sif Muna [****..]
Gold: 1309          SH:  0    Dex: 14    Spells: 7/44 levels left

rFire    + + .     SeeInvis +   X - +7 great mace "Undeadhunter" {disrupt, rN+}
rCold    x . .     Gourm    .   (shield currently unavailable)
rNeg     + + .     Faith    .   s - +0 troll leather armour
rPois    +         Spirit   .   p - +2 hat {SInv}
rElec    +         Reflect  .   J - +2 ratskin cloak {+Rats rPois rN+ Str-1 Int-1 Dex+1}
rCorr    .         Harm     .   (no gloves)
MR       +....                  (boots unavailable)
Stlth    ++........             U - amulet of regeneration
HPRegen  1.09/turn              Y - +5 ring of intelligence
MPRegen  0.24/turn              M - ring of fire

@: flying (expiring), very slightly contaminated
A: talons 3, thin metallic scales 3, demonic guardian 1, fire resistance 1,
augmentation 2
}: 1/15 runes: decaying
a: Channel Magic, Forget Spell, Divine Exegesis, Renounce Religion, Evoke
Ratskin


You were on level 3 of the Swamp.
You worshipped Sif Muna.
Sif Muna was greatly pleased with you.
You were hungry.

You visited 5 branches of the dungeon, and saw 28 of its levels.
You also visited: Ossuary and Ice Cave.

You collected 2847 gold pieces.
You spent 1538 gold pieces at shops.

Inventory:

Hand Weapons
 n - a +4 vorpal scimitar
 t - a +2 hand crossbow of flaming
 V - a +4 spear
 X - the +7 great mace "Undeadhunter" (weapon) {disrupt, rN+}
   (You found it on level 2 of the Lair of Beasts)

   It protects you from negative energy.
Missiles
 j - 92 poisoned darts (quivered)
Armour
 a - a scarf of cloud immunity
 p - a +2 hat of see invisible (worn)
 s - a +0 troll leather armour (worn)
 x - a +2 robe of magic resistance
 C - a +0 buckler
 J - the +2 ratskin cloak (worn) {+Rats rPois rN+ Str-1 Int-1 Dex+1}
   (You found it on level 6 of the Dungeon)

   It affects your strength (-1).
   It affects your intelligence (-1).
   It affects your dexterity (+1).
   It protects you from poison.
   It protects you from negative energy.
   If you remove this armour, your AC will decrease by 3 (13 -> 10).
Magical Staves
 k - an uncursed staff of energy
Jewellery
 H - a +5 amulet of reflection
 I - a cursed -4 ring of intelligence
 K - a +5 ring of protection
 M - a ring of fire (right hand)
 S - an uncursed ring of flight
 U - an amulet of regeneration (around neck)
 Y - a +5 ring of intelligence (left hand)
Wands
 z - a wand of iceblast (20)
 F - a wand of acid (47)
 L - a wand of paralysis (35)
 N - a wand of digging (1)
 P - a wand of disintegration (28)
 T - a wand of clouds (4)
Scrolls
 g - 16 scrolls of teleportation
 h - 3 scrolls of amnesia
 i - 12 scrolls of remove curse
 m - a scroll of identify
 u - a scroll of blinking
 v - 2 scrolls of enchant weapon
 w - a scroll of fear
 y - 8 scrolls of fog
 O - a scroll of immolation
 R - 3 scrolls of magic mapping
 Z - 2 scrolls of summoning
Potions
 b - 5 potions of magic
 d - a potion of berserk rage
 e - a potion of cancellation
 f - 15 potions of curing
 l - 6 potions of invisibility
 q - 2 potions of flight
 r - 5 potions of haste
 A - 12 potions of heal wounds
 B - 8 potions of mutation
 D - 3 potions of brilliance
 G - 4 potions of might
 Q - 4 potions of ambrosia
Miscellaneous
 o - a phantom mirror
 E - a lamp of fire
 W - a sack of spiders
Comestibles
 c - 29 rations


   Skills:
 + Level 8.0 Fighting
 + Level 7.8 Dodging
 - Level 1.7 Stealth
 * Level 3.9 Shields
 * Level 14.2 Spellcasting
 * Level 15.1 Conjurations
 + Level 2.9 Transmutations
 * Level 14.3 Fire Magic
 + Level 4.9 Air Magic
 - Level 5.0 Earth Magic
 - Level 7.7 Invocations
 + Level 8.2 Evocations


You had 7 spell levels left.
You knew the following spells:

 Your Spells              Type           Power        Failure   Level  Hunger
a - Foxfire               Conj/Fire      ####         0%          1    None
b - Sticky Flame          Conj/Fire      ########     1%          4    None
c - Fireball              Conj/Fire      ########..   1%          5    None
d - Starburst             Conj/Fire      ########..   1%          6    ####...
e - Bolt of Magma         Conj/Fire/Erth #######...   1%          5    None
f - Lightning Bolt        Conj/Air       ######....   1%          5    None
g - Irradiate             Conj/Tmut      ######....   2%          5    None
h - Iron Shot             Conj/Erth      ######....   9%          6    ####...

Your spell library contained the following spells:

 Spells                   Type           Power        Failure   Level  Hunger
 Searing Ray              Conj           ######       0%          2    None
 Sandblast                Erth           #####.       1%          1    None
 Corpse Rot               Necr/Air       N/A          1%          2    None
 Passwall                 Tmut/Erth      #####...     1%          2    None
 Swiftness                Chrm/Air       ####....     1%          2    None
 Conjure Flame            Conj/Fire      ########     1%          3    None
 Dazzling Flash           Conj/Hex       ######       1%          3    None
 Inner Flame              Hex/Fire       #######.     1%          3    None
 Static Discharge         Conj/Air       ######..     1%          3    None
 Stone Arrow              Conj/Erth      ######       1%          3    None
 Fulminant Prism          Conj/Hex       ######....   1%          4    None
 Hailstorm                Conj/Ice       ######..     1%          4    None
 Iskenderun's Mystic Bla  Conj/Tloc      ######..     1%          4    None
 Animate Skeleton         Necr           N/A          3%          1    None
 Apportation              Tloc           ###...       3%          1    None
 Corona                   Hex            ###....      3%          1    None
 Pain                     Necr           ###.         3%          1    None
 Summon Small Mammal      Summ           ###.         3%          1    None
 Iskenderun's Battlesphe  Conj/Chrm      ######..     4%          5    None
 Call Imp                 Summ           ###.....     5%          2    None
 Sublimation of Blood     Necr           ###.......   5%          2    None
 Orb of Destruction       Conj           #######...   6%          7    #####..
 Petrify                  Tmut/Erth      #####...     7%          4    None
 Call Canine Familiar     Summ           ###.....     11%         3    None
 Gell's Gravitas          Tloc           ###.......   11%         3    None
 Recall                   Summ/Tloc      N/A          11%         3    None
 Summon Guardian Golem    Hex/Summ       ###.....     11%         3    None
 Tukima's Dance           Hex            ###.....     11%         3    None
 Vampiric Draining        Necr           ###.......   11%         3    None
 Summon Lightning Spire   Summ/Air       ####....     13%         4    None
 Lee's Rapid Deconstruct  Erth           #####.....   13%         5    None
 Blade Hands              Tmut           #####.....   30%         5    None
 Animate Dead             Necr           N/A          36%         4    None
 Cause Fear               Hex            ###.......   36%         4    None
 Dispel Undead            Necr           ###.....     36%         4    None
 Passage of Golubria      Tloc           N/A          36%         4    None
 Summon Ice Beast         Ice/Summ       ###.....     36%         4    None
 Borgnjor's Vile Clutch   Necr/Erth      #####.....   36%         5    None
 Silence                  Hex/Air        ####......   36%         5    None
 Alistair's Intoxication  Tmut/Pois      ####....     50%         5    None
 Yara's Violent Unravell  Hex/Tmut       ####......   50%         5    None
 Agony                    Necr           ###.....     71%         5    None
 Aura of Abjuration       Summ           ###.......   71%         5    None
 Excruciating Wounds      Chrm/Necr      ###.......   71%         5    None
 Summon Demon             Summ           ###.......   71%         5    None
 Summon Forest            Summ/Tloc      ###.......   71%         5    None
 Spellforged Servitor     Conj/Summ      ######....   80%         7    #####..
 Deflect Missiles         Chrm/Air       ####......   90%         6    ####...
 Darkness                 Hex            ###.......   99%         6    ####...
 Death Channel            Necr           ###.......   99%         6    ####...
 Invisibility             Hex            ###.....     99%         6    ####...
 Simulacrum               Ice/Necr       ###.......   99%         6    ####...
 Ignition                 Fire           ########..   54%         8    #######
 Discord                  Hex            ###.......   100%        8    #######
 Necromutation            Tmut/Necr      ####......   100%        8    #######
 Fire Storm               Conj/Fire      ########..   100%        9    #######
 Shatter                  Erth           #####.....   100%        9    #######
 Tornado                  Air            #####.....   100%        9    #######


Dungeon Overview and Level Annotations

Branches:
Dungeon (15/15) Temple (1/1) D:7 Lair (6/6) D:10 Swamp (4/4) Lair:3 Snake (0/4) Lair:2 Slime (0/5) Lair:5 Orc (2/2) D:10 Elf (0/3) Orc:2 Vaults (0/5) D:12 D:13 Depths (0/5) D:15 Ossuary (visited) IceCv (visited)

Altars:
Ashenzari
Cheibriados
Dithmenos
Elyvilon
Fedhas
Gozag
Hepliaklqana
Kikubaaqudgha
Makhleb
Nemelex Xobeh
Okawaru
Qazlal
Ru
Sif Muna
Trog
Uskayaw
Vehumet
Wu Jian
Xom
Yredelemnul
Zin
The Shining One
Jiyva

Shops:
D:4 %   Orc:1 :   Orc:2 ?!((}

Portals:
Hell: Lair:6
Pandemonium: Orc:2

Annotations:
Swamp:3 1 transporter


Innate Abilities, Weirdness & Mutations

You have claws for feet.
You are completely covered in thin metallic scales. (AC +4, rElec)
A weak demonic guardian rushes to your aid.
Your flesh is heat resistant. (rF+)
Your magical and physical power is enhanced at high health.


Message History

Unknown command.
Unknown command.
Unknown command.
Casting: Fireball (safe; 1% risk of failure)
Confirm with . or Enter, or press ? or * to list all spells.
Aiming: Bolt of Magma (safe; 1% risk of failure)
Press: ? - help, Shift-Dir - straight line, f - shambling mangrove, p - slime creature
Aim: a shambling mangrove You feel a surge of power!
The bolt of magma hits the thorn hunter!!!
The thorn hunter is burned terribly!
The thorn hunter is severely damaged.
The bolt of magma hits the shambling mangrove!
The shambling mangrove is lightly damaged.
You are engulfed in raging winds.
You feel less invigorated. The thorn hunter closely misses you.
The thorn hunter barely misses you. The slime creature misses you.
The power of Zot is invoked against you!
There is a sudden blast of acid!
The acid blast engulfs you!!!
You die...

≈≈≈≈♣♣♣♣≈≈# ≈≈≈≈♣♣≈...# ..^^
...♣♣♣≈≈≈.# # ..... # ≈♣♣♣♣.≈≈≈.#
#. ... .# ♣♣>≈..≈≈≈.# # #.#.#^#^#
# ♣....≈≈≈♣# ##. ^.^.^^^ .##
♣♣♣♣..≈≈.♣ #.^##.#w#^##^.#
≈♣♣.≈≈§..♣ #...Jf^§^...# #♣♣
...≈≈≈≈..♣ #f@##f##.^# #≈♣♣
≈§≈.≈≈.≈♣♣ ##D§§§..^# ##..♣♣
≈≈≈......♣♣## #§§§§...# ##≈≈♣♣≈
≈≈§♣♣.≈≈..§≈## #v§§§^..# #.....≈
≈.♣♣≈.≈≈≈≈≈.≈# ######### #♣≈...≈§
♣♣♣♣...≈≈≈≈..# ##### #....≈≈. ♣
♣♣....≈≈..#############♣..≈♣≈.
♣♣♣♣≈[≈≈≈.≈♣..≈.≈..©..≈≈..≈≈.≈.≈.
♣♣≈≈≈.≈≈≈.≈.♣.≈≈.....≈≈.≈..≈♣....


You could see a twister, a thorn hunter, a shambling mangrove, an eight-headed
hydra, a tyrant leech and a slime creature.

Vanquished Creatures
  A bone dragon (Swamp:4)
  Rupert (D:13)
  Jorgrun (D:13)
  3 thorn hunters
  The ghost of Mandevil the Markscentaur, an adept CeAE of Okawaru (Swamp:4)
  A tengu reaver (D:12)
  Louise (Swamp:1)
  A stone giant (D:12)
  2 entropy weavers (Lair:3)
  A dire elephant (Lair:6)
  10 ghost crabs
  3 shambling mangroves
  5 centaur warriors
  19 hydras
  13 alligators
  7 two-headed ogres
  An ogre mage (D:15)
  3 orc high priests (Orc:2)
  Urug (D:13)
  3 spriggans
  2 sun demons (Orc:2)
  A deep elf knight (D:12)
  5 fire crabs (Lair:3)
  2 sixfirhies
  5 skeletal warriors (D:11)
  3 swamp dragons
  3 unseen horrors
  An infernal demonspawn (Orc:2)
  3 wizards
  2 spectral hydras (Swamp:4)
  A spriggan druid (Swamp:4)
  2 necromancers
  A lindwurm (Lair:3)
  A phantasmal warrior (Swamp:4)
  2 wolf spider zombies
  12 oklob plants
  7 orc knights
  Pikel (D:5)
  A harpy (D:12)
  A wolf spider (D:12)
  11 orc sorcerers
  4 cyclopes
  A manticore (D:15)
  4 elephants (Lair:4)
  6 ugly things
  7 black mambas
  A deep elf mage (D:12)
  A black mamba (shapeshifter) (D:15)
  2 ice statues (IceCv)
  3 gargoyles
  12 spiny frogs
  5 orange demons
  An apocalypse crab (Lair:3)
  Maggie (D:6)
  3 ice devils
  10 komodo dragons
  5 rime drakes
  An efreet (D:15)
  3 hellwings
  3 swamp worm zombies (Swamp:4)
  5 hydra zombies (Swamp:4)
  11 tyrant leeches
  6 trolls
  10 bog bodies
  11 hornets
  A harpy skeleton (D:15)
  A dream sheep (Lair:6)
  5 alligator zombies (Swamp:4)
  21 blink frogs
  5 hippogriffs
  4 spectral swamp dragons (Swamp:4)
  13 slime creatures
  2 shadows
  3 centaur simulacra
  2 vampires
  3 wraiths
  35 yaks
  4 wyverns
  4 basilisks
  16 humans
  3 hungry ghosts
  18 vampire mosquitoes
  26 insubstantial wisps
  4 nagas (Lair:2)
  A warg (Orc:1)
  Edmund (D:5)
  18 swamp worms
  4 hell hounds (Lair:6)
  2 acid dragons (D:15)
  12 porcupines
  18 water moccasins
  11 swamp drakes
  34 orc warriors
  3 sky beasts
  19 ice beasts
  2 eyes of draining
  A slave (D:5)
  A meliai simulacrum (D:14)
  2 black bears
  A necrophage (D:14)
  8 ogres
  2 swamp dragon zombies (Swamp:4)
  4 crocodiles
  9 phantoms
  2 wolves (Lair:5)
  15 centaurs
  2 big kobolds (D:12)
  12 bullfrogs
  Blork the orc (D:6)
  A gnoll sergeant (D:9)
  A wyvern zombie (D:14)
  4 scorpions
  A wyvern skeleton (D:10)
  10 killer bees
  9 wights
  6 electric eels
  4 howler monkeys
  8 crimson imps
  3 centaur zombies
  A quasit (D:6)
  25 orc priests
  5 hounds
  24 orc wizards
  Crazy Yiuf (D:6)
  A human zombie (Ossuary)
  6 jellies
  4 centaur skeletons
  3 bullfrog skeletons
  Terence (D:3)
  Ijyb (D:5)
  4 iguanas
  3 hell rats (D:6)
  4 polar bear simulacra (Lair:3)
  8 worker ants
  A spectral swamp drake (Swamp:4)
  2 yak simulacra (Lair:3)
  2 wolf simulacra (Lair:3)
  2 big kobold zombies (Ossuary)
  4 mummies
  2 hound skeletons
  A howler monkey zombie (D:5)
  2 worker ant zombies
  4 gnolls (D:2)
  A howler monkey skeleton (D:11)
  4 river rats (D:6)
  A swamp drake zombie (Swamp:4)
  14 adders
  6 shadow imps
  4 oozes
  An adder zombie (D:9)
  An adder skeleton (D:7)
  2 worms
  A dart slug (D:3)
  8 leopard geckos
  79 orcs
  2 ball pythons
  7 bats
  7 giant cockroaches
  6 goblins
  7 hobgoblins
  8 jackals
  4 quokkas
  A frilled lizard (D:2)
  3 goblin zombies (Ossuary)
  3 hobgoblin zombies (Ossuary)
  A jackal skeleton (D:4)
  13 kobolds
  3 kobold zombies (Ossuary)
  A quokka skeleton (D:5)
  18 rats
  3 river rat simulacra (Lair:3)
  A briar patch (Swamp:1)
  2 bushes
  11 plants
997 creatures vanquished.

Vanquished Creatures (collateral kills)
  A two-headed ogre (D:9)
  A deep elf mage (D:13)
  A spiny frog (Lair:2)
  A centaur skeleton (D:11)
  A slime creature (Swamp:4)
  A blink frog (Lair:4)
  A hippogriff (Lair:2)
  2 hornets (Swamp:1)
  Sigmund (D:4)
  3 yaks
  2 wraiths
  A spriggan (Swamp:1)
  Duvessa (D:4)
  A necrophage (D:10)
  A wolf (Lair:5)
  An ogre (D:4)
  2 crocodiles
  4 bullfrogs
  Dowan (D:4)
  2 crimson imps
  A jelly (D:8)
  An orc wizard (Orc:2)
  2 oozes (D:8)
  4 orcs
  A quokka (D:4)
38 creatures vanquished.

Vanquished Creatures (others)
  A hydra (Swamp:4)
  A spriggan druid (Swamp:3)
  A spiny frog (Swamp:4)
  A vampire mosquito (Swamp:3)
  A worker ant (D:13)
  A jackal (D:5)
  810 foxfires
  15 fungi
  18 plants
849 creatures vanquished.

Grand Total: 1884 creatures vanquished

Notes
Turn   | Place    | Note
-------+----------+-------------------------------------------
     0 | D:1      | DerDa the Demonspawn Fire Elementalist began the quest for
                  | the Orb.
     0 | D:1      | Reached XP level 1. HP: 13/13 MP: 3/3
   225 | D:1      | Gained mutation: A weak demonic guardian rushes to your
                  | aid. [demonic ancestry]
   225 | D:1      | Reached XP level 2. HP: 19/19 MP: 1/5
   714 | D:2      | Gained mutation: You have sharp toenails. [demonic
                  | ancestry]
   714 | D:2      | Reached XP level 3. HP: 18/24 MP: 0/6
   808 | D:2      | Reached skill level 2 in Conjurations
   925 | D:2      | Found a blossoming altar of Fedhas.
   940 | D:2      | Gained mutation: You have razor-sharp toenails. [demonic
                  | ancestry]
   940 | D:2      | Reached XP level 4. HP: 30/30 MP: 0/8
  1113 | D:2      | Found a shattered altar of Ashenzari.
  1455 | D:2      | Found a snail-covered altar of Cheibriados.
  1640 | D:3      | Noticed Terence
  1652 | D:3      | Learned a level 4 spell: Sticky Flame
  1653 | D:3      | Killed Terence
  1653 | D:3      | Gained mutation: Your flesh is heat resistant. (rF+)
                  | [demonic ancestry]
  1653 | D:3      | Reached XP level 5. HP: 35/35 MP: 4/9
  1902 | D:3      | Reached skill level 3 in Conjurations
  2041 | D:3      | Found a sacrificial altar of Ru.
  2707 | D:3      | Found a bloodstained altar of Trog.
  2786 | D:3      | Learned a level 5 spell: Fireball
  2791 | D:4      | Found Vupiad's Food Shop.
  2791 | D:4      | Noticed Duvessa
  2791 | D:4      | Noticed Dowan
  2801 | D:4      | Killed Dowan
  3102 | D:4      | Killed Duvessa
  3102 | D:4      | Gained mutation: Your magical and physical power is
                  | slightly enhanced at high health. [demonic ancestry]
  3102 | D:4      | Reached XP level 6. HP: 29/41 MP: 1/11
  3212 | D:4      | Noticed Sigmund
  3221 | D:4      | Killed Sigmund
  3221 | D:4      | Reached skill level 4 in Conjurations
  3340 | D:4      | Gained mutation: You are partially covered in thin metallic
                  | scales. (AC +2) [demonic ancestry]
  3340 | D:4      | Reached XP level 7. HP: 46/46 MP: 9/13
  3441 | D:4      | Found a sand-covered staircase.
  3451 | Ossuary  | Entered an ossuary
  3451 | Ossuary  | Noticed a wraith
  3451 | Ossuary  | Noticed a wraith
  3451 | Ossuary  | Noticed a wraith
  3918 | Ossuary  | Reached skill level 5 in Fire Magic
  4076 | Ossuary  | Noticed a wraith
  4088 | Ossuary  | Killed a wraith
  4241 | D:4      | Reached skill level 5 in Spellcasting
  4241 | D:4      | Reached skill level 5 in Conjurations
  4583 | D:5      | Entered Level 5 of the Dungeon
  4583 | D:5      | Noticed Edmund
  4589 | D:5      | Killed Edmund
  4602 | D:5      | Noticed Ijyb
  4608 | D:5      | Killed Ijyb
  4608 | D:5      | Reached XP level 8. HP: 52/52 MP: 5/15
  4721 | D:5      | Noticed Pikel
  4733 | D:5      | Killed Pikel
  4740 | D:5      | Reached skill level 6 in Conjurations
  4916 | D:5      | Found an iron altar of Okawaru.
  5321 | D:6      | Found the +2 ratskin cloak {+Rats rPois rN+ Str-1 Int-1
                  | Dex+1}
  5658 | D:6      | Found a runed translucent door.
  5659 | D:6      | Noticed Crazy Yiuf
  5700 | D:6      | Reached XP level 9. HP: 54/57 MP: 9/18
  5778 | D:6      | Reached skill level 7 in Conjurations
  5994 | D:6      | Noticed Blork the orc
  5998 | D:6      | Noticed Maggie
  6005 | D:6      | Killed Maggie
  6009 | D:6      | Killed Blork the orc
  6018 | D:6      | Found a shimmering blue altar of Sif Muna.
  6026 | D:6      | Became a worshipper of Sif Muna the Loreminder
  6109 | D:7      | Found a staircase to the Ecumenical Temple.
  6127 | Temple   | Entered the Ecumenical Temple
  6471 | D:7      | Found a glowing golden altar of the Shining One.
  6659 | D:7      | Found a snail-covered altar of Cheibriados.
  6718 | D:7      | Got a steaming leather armour
  6734 | D:7      | Reached skill level 8 in Conjurations
  6790 | D:7      | Identified the cursed +1 leather armour of Apathy {Str+3}
                  | (You found it on level 7 of the Dungeon)
  7490 | D:8      | Reached * piety under Sif Muna
  7964 | D:8      | Gained mutation: You are mostly covered in thin metallic
                  | scales. (AC +3) [demonic ancestry]
  7964 | D:8      | Reached XP level 10. HP: 63/63 MP: 10/21
  8334 | D:9      | Noticed a two-headed ogre
  8338 | D:9      | Killed a two-headed ogre
  8338 | D:9      | Reached skill level 9 in Conjurations
  8588 | D:10     | Entered Level 10 of the Dungeon
  8639 | D:9      | Reached ** piety under Sif Muna
  8659 | D:9      | Identified a scroll of acquirement
  8660 | D:9      | Identified Citax's Handbook of Contamination and Battle
                  | Magic (You acquired it on level 9 of the Dungeon)
  8660 | D:9      | Identified the ring "Fodeatz" {+Fly rF- rCorr Dex+7} (You
                  | acquired it on level 9 of the Dungeon)
  9569 | D:10     | Reached *** piety under Sif Muna
  9861 | D:10     | Found a staircase to the Lair.
 10035 | D:10     | Found a staircase to the Orcish Mines.
 10236 | D:11     | Reached XP level 11. HP: 30/68 MP: 5/24
 10497 | D:11     | Reached skill level 10 in Conjurations
 10507 | D:11     | Noticed a two-headed ogre
 10511 | D:11     | Killed a two-headed ogre
 10706 | D:11     | Noticed a two-headed ogre
 10708 | D:11     | Killed a two-headed ogre
 10824 | D:11     | Noticed a skeletal warrior
 10824 | D:11     | Noticed a skeletal warrior
 10824 | D:11     | Noticed a skeletal warrior
 10824 | D:11     | Noticed a skeletal warrior
 10825 | D:11     | Noticed a skeletal warrior
 10846 | D:11     | Killed a skeletal warrior
 10904 | D:11     | Killed a skeletal warrior
 10904 | D:11     | Reached skill level 10 in Fire Magic
 10913 | D:11     | Killed a skeletal warrior
 11214 | D:11     | Reached skill level 10 in Spellcasting
 11399 | D:11     | Killed a skeletal warrior
 11464 | D:11     | Killed a skeletal warrior
 11881 | Lair:1   | Entered Level 1 of the Lair of Beasts
 11897 | Lair:1   | Reached skill level 11 in Conjurations
 12086 | Lair:1   | Noticed a six-headed hydra
 12296 | Lair:1   | You fall into a shaft and drop 1 floor!
 12548 | Lair:2   | Reached skill level 1 in Invocations
 12594 | Lair:2   | Reached **** piety under Sif Muna
 12594 | Lair:2   | Gained mutation: You have claws for feet. [demonic
                  | ancestry]
 12594 | Lair:2   | Reached XP level 12. HP: 75/75 MP: 22/26
 12650 | Lair:2   | Found a staircase to the Snake Pit.
 12695 | Lair:1   | Killed a six-headed hydra
 12695 | Lair:1   | Reached skill level 1 in Fighting
 12695 | Lair:1   | Reached skill level 1 in Evocations
 13598 | Lair:2   | Noticed a four-headed hydra
 13602 | Lair:2   | Killed a four-headed hydra
 14072 | Lair:2   | Found the +7 great mace "Undeadhunter" {disrupt, rN+}
 14505 | Lair:3   | Noticed a five-headed hydra
 14507 | Lair:3   | Killed a five-headed hydra
 14707 | Lair:3   | Noticed a seven-headed hydra
 14723 | Lair:3   | Killed a seven-headed hydra
 14883 | Lair:3   | Found a runed translucent door.
 14973 | Lair:3   | Noticed a four-headed hydra
 14982 | Lair:3   | Killed a four-headed hydra
 14982 | Lair:3   | Reached skill level 12 in Conjurations
 14985 | Lair:3   | Noticed a six-headed hydra
 15011 | Lair:3   | Killed a six-headed hydra
 15011 | Lair:3   | Reached XP level 13. HP: 61/87 MP: 8/28
 15401 | Lair:3   | Found a staircase to the Swamp.
 15841 | Lair:4   | Reached ***** piety under Sif Muna
 15841 | Lair:4   | Identified Ymuify's Reference Book on Battle Magic (Sif
                  | Muna gifted it to you on level 4 of the Lair of Beasts)
 15841 | Lair:4   | Received a gift from Sif Muna
 15854 | Lair:4   | Learned a level 6 spell: Starburst
 15860 | Lair:4   | Learned a level 5 spell: Bolt of Magma
 16002 | Lair:4   | Reached skill level 5 in Invocations
 16576 | Lair:4   | Reached skill level 1 in Earth Magic
 17404 | Lair:5   | Found a viscous altar of Jiyva.
 17404 | Lair:5   | Found a staircase to the Slime Pits.
 17708 | Lair:6   | Entered Level 6 of the Lair of Beasts
 18146 | Lair:6   | Noticed a dire elephant
 18170 | Lair:6   | Killed a dire elephant
 18681 | Lair:6   | Found a burning altar of Makhleb.
 18694 | Lair:6   | Gained mutation: You are completely covered in thin
                  | metallic scales. (AC +4, rElec) [demonic ancestry]
 18694 | Lair:6   | Reached XP level 14. HP: 92/96 MP: 6/30
 18811 | Lair:6   | Found a gateway to Hell.
 19644 | Lair:3   | Reached skill level 5 in Dodging
 19841 | Lair:3   | Reached skill level 5 in Fighting
 19842 | Lair:3   | Reached skill level 5 in Evocations
 19933 | Lair:3   | Reached skill level 13 in Conjurations
 19944 | Lair:3   | Noticed an entropy weaver
 19947 | Lair:3   | Killed an entropy weaver
 20057 | Lair:3   | Noticed an entropy weaver
 20077 | Lair:3   | Killed an entropy weaver
 20667 | D:6      | Killed Crazy Yiuf
 20802 | Orc:1    | Entered Level 1 of the Orcish Mines
 20990 | Orc:1    | Found Heitu's Book Boutique.
 21400 | Orc:2    | Entered Level 2 of the Orcish Mines
 21400 | Orc:2    | Found Qony's Antique Weapon Boutique.
 21400 | Orc:2    | Found a staircase to the Elven Halls.
 21419 | Orc:2    | Identified Sif Muna's Handbook of the Rocks and Flames (Sif
                  | Muna gifted it to you on level 2 of the Orcish Mines)
 21419 | Orc:2    | Received a gift from Sif Muna
 21503 | Orc:2    | Bought a twisted battleaxe for 310 gold pieces
 21503 | Orc:2    | Identified the cursed +1 battleaxe of Abyluz {freeze,
                  | Str+4} (You bought it in a shop on level 2 of the Orcish
                  | Mines)
 22119 | Orc:2    | Found Lerch's Distillery.
 22120 | Orc:2    | Found Dumaxkidgh's Magic Scroll Boutique.
 22680 | Orc:2    | Bought a scroll of identify for 32 gold pieces
 22680 | Orc:2    | Bought a scroll of identify for 32 gold pieces
 22680 | Orc:2    | Bought a scroll of blinking for 120 gold pieces
 22680 | Orc:2    | Bought a scroll of teleportation for 48 gold pieces
 22680 | Orc:2    | Bought a scroll of fear for 56 gold pieces
 22682 | Orc:2    | Bought a potion of brilliance for 56 gold pieces
 22682 | Orc:2    | Bought 2 potions of heal wounds for 140 gold pieces
 22682 | Orc:2    | Bought a potion of magic for 112 gold pieces
 22682 | Orc:2    | Bought a potion of magic for 112 gold pieces
 23492 | Orc:2    | Found Ubusouty's Gadget Shoppe.
 23492 | Orc:2    | Found a one-way gate leading to the halls of Pandemonium.
 23492 | Orc:2    | Found Xokluud's Antique Weapon Emporium.
 23507 | Orc:2    | Bought a lamp of fire for 520 gold pieces
 23654 | D:12     | Reached XP level 15. HP: 105/105 MP: 3/31
 23683 | D:12     | Learned a level 5 spell: Lightning Bolt
 24015 | D:12     | Identified Sif Muna's Catalogue of Harmful Shape Shifting
                  | (Sif Muna gifted it to you on level 12 of the Dungeon)
 24015 | D:12     | Received a gift from Sif Muna
 24022 | D:12     | Noticed a tengu reaver
 24173 | D:12     | Killed a tengu reaver
 24173 | D:12     | Reached skill level 1 in Air Magic
 24326 | D:12     | Found a shimmering altar of Xom.
 24326 | D:12     | Found a shimmering altar of Xom.
 24327 | D:12     | Found a shimmering altar of Xom.
 24327 | D:12     | Found a shimmering altar of Xom.
 24492 | D:12     | Found a shimmering altar of Xom.
 24753 | D:13     | Found a gate to the Vaults.
 24753 | D:13     | Noticed Urug
 24753 | D:13     | Noticed Rupert
 24755 | D:13     | Killed Rupert
 25003 | D:13     | Killed Urug
 25194 | D:13     | Identified Sif Muna's Volume of Dislocated Curses (Sif Muna
                  | gifted it to you on level 13 of the Dungeon)
 25194 | D:13     | Received a gift from Sif Muna
 25198 | D:13     | Found a frozen archway.
 25214 | D:13     | Noticed Jorgrun
 25218 | D:13     | Killed Jorgrun
 25218 | D:13     | Reached skill level 14 in Conjurations
 25255 | IceCv    | Entered an ice cave
 25385 | IceCv    | Found a transporter.
 25538 | IceCv    | Found a transporter.
 26700 | D:15     | Entered Level 15 of the Dungeon
 26745 | D:15     | Reached skill level 5 in Earth Magic
 26787 | D:15     | Found a staircase to the Depths.
 26866 | D:15     | Reached XP level 16. HP: 100/113 MP: 17/33
 27949 | Swamp:1  | Entered Level 1 of the Swamp
 27999 | Swamp:1  | Noticed a thorn hunter
 28014 | Swamp:1  | Killed a thorn hunter
 28371 | Swamp:1  | Noticed Louise
 28383 | Swamp:1  | Killed Louise
 28502 | Swamp:1  | Identified Sif Muna's Theurgy, Part Five (Sif Muna gifted
                  | it to you on level 1 of the Swamp)
 28502 | Swamp:1  | Received a gift from Sif Muna
 29021 | Swamp:2  | Learned a level 5 spell: Irradiate
 29278 | Swamp:2  | Reached skill level 1 in Shields
 29324 | Swamp:2  | Reached skill level 1 in Transmutations
 29890 | Swamp:3  | Found a transporter.
 30441 | Swamp:3  | Found a transporter.
 30703 | Swamp:4  | Entered Level 4 of the Swamp
 30707 | Swamp:4  | Received a gift from Sif Muna
 30716 | Swamp:4  | Learned a level 6 spell: Iron Shot
 30828 | Swamp:4  | Noticed a thorn hunter
 30831 | Swamp:4  | Killed a thorn hunter
 31214 | Swamp:3  | Gained mutation: Your magical and physical power is
                  | enhanced at high health. [demonic ancestry]
 31214 | Swamp:3  | Reached XP level 17. HP: 59/122 MP: 24/35
 31356 | Swamp:4  | Found a runed translucent door.
 31358 | Swamp:4  | Noticed Mandevil's ghost (adept CeAE)
 31628 | Swamp:4  | Reached skill level 15 in Conjurations
 32558 | Swamp:4  | Noticed a bone dragon
 32645 | Swamp:4  | Killed a bone dragon
 32845 | Swamp:4  | Got a decaying rune of Zot
 32984 | Swamp:4  | Killed Mandevil's ghost
 32996 | Swamp:4  | Identified the cursed +0 scale mail of Tunaenab {rPois
                  | Str+4} (You found it on level 4 of the Swamp)
 33087 | Swamp:3  | Killed by the power of Zot

Levels and vault maps discovered:
D:1:      dpeg_arrival_long_road, layout_loops_ring, nrook_loot_triangle
D:2:      layout_loops_ring, nicolae_ashenzari_panopticon,
          gammafunk_temple_overflow_pools, first_ration
D:3:      layout_basic, bloody_trog, hangedman_ru_absence, uniq_terence
D:4:      layout_basic, gup_ossuary_entry_pyramid, serial_corexii_hall,
          chequers_hall_statues_wall_a, chequers_hall_statues_y,
          chequers_hall_statues_corner_a, serial_shops, shop,
          serial_bayou_ford_a, minmay_bisected, uniq_sigmund, uniq_duvessa
D:5:      layout_cave_pools, okawaru_metal_pillars_1_2, uniq_ijyb, uniq_edmund,
          uniq_pikel
D:6:      wander_guarded_unrand_ratskin, layout_cave_pools, tgw_sif,
          uniq_maggie, uniq_crazy_yiuf_cottage
D:7:      layout_loops_corners, lemuel_doored_altar,
          minmay_temple_entry_gardened_gates, basic_altar, serial_bayou_lagoon_b
D:8:      layout_basic, hangedman_little_slice_of_home
D:9:      layout_grid_maze, minmay_joined_circles
D:10:     layout_rooms, david_lair_shrubbed, hiddenorc1_lemuel,
          bh_walls_and_bars
D:11:     layout_gridville, uniq_maurice
D:12:     minmay_containers, layout_loops_ring, xom_shifter_show
D:13:     layout_rooms, david_vaults_3, portal_ice_cave_entry_ice_beasts,
          uniq_jorgrun
D:14:     layout_gridville, hangedman_decor_points
D:15:     grunt_enter_depths_magical_seal, layout_basic, kennysheep_flooded_box,
          hex_intersection, uniq_rupert
Temple:   nicolae_temple_x_marks_the_god
Lair:1:   layout_gridlike, minmay_lair_oklob_chamber, grunt_megastairs_5
Lair:2:   minmay_lair_oklob_tunnel, layout_regular_city,
          minmay_snake_entry_guardpost_small
Lair:3:   gammafunk_mikee_crab_dinner, layout_small_grid,
          nicolae_swamp_entry_splash_gauntlet, columned_hall_lemuel,
          nicolae_lair_grove_arrangements, eino_house_with_fridge
Lair:4:   layout_hall_layers, serial_bayou, serial_bayou_pond_e,
          serial_bayou_pond_b, serial_bayou_pond_a, serial_bayou_pond_d,
          dpeg_oklob_1
Lair:5:   layout_regular_city, dpeg_slime_entry_enclosed_altar
Lair:6:   evil_forest, layout_regular_city, infiniplex_staircase_pool
Swamp:1:  layout_basic_swamp, serial_swamp_ruin, hangedman_swamp_ruin_wall,
          evilmike_swamp_ruin_house_3, uniq_louise
Swamp:2:  layout_basic_swamp, evilmike_swamp_ruin_house_6, swamp_pool1
Swamp:3:  gammafunk_its_a_trap, layout_basic_swamp, evilmike_swamp_ruin_house_2,
          swamp_pool5, nicolae_swamp_feature_on_the_river_bank
Swamp:4:  swamp_pestilence, layout_basic_swamp, ebering_ghost_reflecting_pool
Orc:1:    layout_caves, serial_shops, shop
Orc:2:    pf_orc_diabolical, layout_caves, serial_shops,
          nicolae_shop_competitors_out_of_business

Skill      XL: |  1  2  3  4  5  6  7  8  9 10 11 12 13 14 15 16 17 |
---------------+----------------------------------------------------+-----
Fire Magic     | 3 4 5 6 8 9 10 11 12 13 14 | 14.3
Conjurations   | 2 3 4 5 6 8 9 11 12 13 14 15 | 15.1
Spellcasting   | 3 4 5 6 7 9 10 11 12 13 14 | 14.2
Dodging        | 2 3 4 5 6 7 |  7.8
Invocations    | 1 4 6 7 |  7.7
Fighting       | 3 4 5 6 7 8 |  8.0
Evocations     | 3 4 5 7 8 |  8.2
Earth Magic    | 2 3 5 |  5.0
Air Magic      | 3 4 |  4.9
Shields        | 2 3 |  3.9
Transmutations | 2 |  2.9
Stealth        | |  1.7

Action                   |  1- 3 |  4- 6 |  7- 9 | 10-12 | 13-15 | 16-18 || total
-------------------------+-------+-------+-------+-------+-------+-------++-------
Melee: Unarmed           |     3 |       |       |       |       |       ||     3
       Club              |    12 |     3 |       |       |       |       ||    15
       Kick              |     2 |     1 |       |    17 |    41 |    23 ||    84
       Short sword       |       |     9 |   109 |    99 |       |       ||   217
       Long sword        |       |       |       |    79 |       |       ||    79
       Great mace        |       |       |       |     2 |   164 |   156 ||   322
       Scimitar          |       |       |       |       |    26 |       ||    26
       Battleaxe         |       |       |       |       |     3 |       ||     3
Throw: Dart              |       |       |     1 |     1 |       |       ||     2
 Cast: Foxfire           |    43 |    75 |   163 |   144 |    63 |    20 ||   508
       Sticky Flame      |       |     4 |    42 |    69 |    73 |    21 ||   209
       Fireball          |       |       |     1 |    73 |   180 |   181 ||   435
       Bolt of Magma     |       |       |       |       |    94 |    42 ||   136
       Starburst         |       |       |       |       |    12 |    18 ||    30
       Irradiate         |       |       |       |       |       |     7 ||     7
       Iron Shot         |       |       |       |       |       |     5 ||     5
       Lightning Bolt    |       |       |       |       |       |     2 ||     2
Invok: Channel Magic     |       |       |       |     3 |    14 |    13 ||    30
Evoke: Wand              |       |       |       |       |     2 |       ||     2
  Use: Scroll            |       |     2 |    21 |    11 |    12 |     3 ||    49
       Potion            |       |       |       |       |     1 |       ||     1
 Stab: Distracted        |       |       |     2 |     1 |     2 |       ||     5
       Sleeping          |       |       |     5 |       |       |       ||     5
  Eat: Chunk             |       |     5 |    17 |    20 |    52 |    13 ||   107
       Ration            |       |     1 |     1 |     5 |     3 |     4 ||    14
Armor: Robe              |     5 |     2 |    35 |    84 |    57 |       ||   183
       Leather armour    |       |    14 |       |       |       |       ||    14
       Troll leather arm |       |       |       |       |    74 |   115 ||   189
Dodge: Dodged            |    28 |    43 |   101 |   131 |   280 |   219 ||   802
Block: Other             |       |       |    11 |    46 |    95 |    22 ||   174
       Reflection        |       |       |       |       |     4 |       ||     4
       Rpst.: Long sword |       |       |       |     4 |       |       ||     4
       Scimitar          |       |       |       |       |    10 |       ||    10

Table legend:
 A = Non-vault XP
 B = Vault XP
 C = Vault XP percentage of total XP
 D = Non-vault monster count
 E = Vault monster count
 F = Vault count percentage of total count
                 A         B        C        D         E       F
            +---------+---------+-------+---------+---------+-------
      Total |  149077 |   97663 |  39.6 |     692 |     330 |  32.3
            +---------+---------+-------+---------+---------+-------
        D:1 |      24 |       0 |   0.0 |      13 |       0 |   0.0
        D:2 |     143 |       0 |   0.0 |      26 |       0 |   0.0
        D:3 |      78 |      30 |  27.8 |      22 |       1 |   4.3
        D:4 |     188 |     485 |  72.1 |      13 |       7 |  35.0
        D:5 |     202 |     673 |  76.9 |      12 |       3 |  20.0
        D:6 |     786 |     679 |  46.3 |      16 |      24 |  60.0
        D:7 |    1206 |       0 |   0.0 |      23 |       0 |   0.0
        D:8 |    1375 |     134 |   8.9 |      18 |       8 |  30.8
        D:9 |    1503 |     536 |  26.3 |      16 |      10 |  38.5
       D:10 |    1867 |     617 |  24.8 |      30 |      18 |  37.5
       D:11 |    6898 |       0 |   0.0 |      30 |       0 |   0.0
       D:12 |    5960 |    7254 |  54.9 |      41 |      10 |  19.6
       D:13 |    8954 |   11690 |  56.6 |      44 |      28 |  38.9
       D:14 |    8136 |       0 |   0.0 |      28 |       0 |   0.0
       D:15 |   10249 |    4268 |  29.4 |      26 |       8 |  23.5
     Lair:1 |    2176 |    4377 |  66.8 |      14 |      11 |  44.0
     Lair:2 |    2163 |    4240 |  66.2 |       9 |      10 |  52.6
     Lair:3 |    8638 |   11728 |  57.6 |      22 |      29 |  56.9
     Lair:4 |    5459 |    1597 |  22.6 |      18 |       3 |  14.3
     Lair:5 |    3953 |       0 |   0.0 |      18 |       0 |   0.0
     Lair:6 |    7986 |    8755 |  52.3 |      30 |      25 |  45.5
    Swamp:1 |   14940 |    1724 |  10.3 |      36 |       1 |   2.7
    Swamp:2 |   16438 |       0 |   0.0 |      31 |       0 |   0.0
    Swamp:3 |   11543 |     919 |   7.4 |      36 |       4 |  10.0
    Swamp:4 |   21701 |   18189 |  45.6 |      50 |      45 |  47.4
      Orc:1 |    2189 |     647 |  22.8 |      32 |       2 |   5.9
      Orc:2 |    4322 |   16069 |  78.8 |      38 |      58 |  60.4
    Ossuary |       0 |     325 | 100.0 |       0 |      15 | 100.0
      IceCv |       0 |    2727 | 100.0 |       0 |      10 | 100.0
            +---------+---------+-------+---------+---------+-------
